 Dungeon Crawl Stone Soup version 0.28.0-47-ge53b351184 (webtiles) character file.

Game seed: 17468251404124658219

388 bobregger the Skirmisher (level 6, 0/68 HPs)
             Began as an Ogre Berserker on May 1, 2022.
             Was a Believer of Trog.
             Succumbed to an adder's poison
             ... on level 3 of the Dungeon.
             The game lasted 00:02:13 (2347 turns).

bobregger the Skirmisher (Ogre Berserker)           Turns: 2347, Time: 00:02:13

Health: 0/68       AC:  3    Str: 22    XL:     6   Next: 79%
Magic:  6/6        EV: 10    Int:  8    God:    Trog [**....]
Gold:   74         SH:  0    Dex: 10    Spells: 5/5 levels left

rFire   + . .      SeeInvis .   a - +0 mace
rCold   x . .      Faith    .   (no shield)
rNeg    . . .      Spirit   .   b - +0 animal skin
rPois   .          Reflect  .   (helmet restricted)
rElec   .          Harm     .   (no cloak)
rCorr   .          Rampage  .   (gloves unavailable)
Will    ++...                   (boots unavailable)
Stlth   +.........              (no amulet)
HPRegen 1.00/turn               c - ring of fire
MPRegen 0.10/turn               (no ring)

@: lethally poisoned (0 -> -1), strong-willed, on berserk cooldown,
regenerating, slowed, very slow
A: large, unfitting armour, tough skin 1, inhibited regeneration, MP-powered
wands
a: Renounce Religion, Berserk, Trog's Hand


You were on level 3 of the Dungeon.
You worshipped Trog.
Trog was pleased with you.
You visited 1 branch of the dungeon, and saw 3 of its levels.

You collected 74 gold pieces.

Inventory:

Hand Weapons
 a - a +0 mace (weapon)
Armour
 b - a +0 animal skin (worn)
Jewellery
 c - a ring of fire (left hand)
 d - a ring of resist corrosion
Wands
 m - a wand of digging (5)
Scrolls
 e - 2 scrolls of magic mapping {unknown}
 g - 2 scrolls of identify {unknown}
 i - a scroll of vulnerability {unknown}
 j - a scroll of fear {unknown}
 l - a scroll of noise {unknown}
 n - a scroll of enchant weapon {unknown}
Potions
 h - 2 potions of curing {unknown}
 k - a potion of attraction {unknown}


   Skills:
 + Level 6.4 Fighting
 * Level 5.7 Maces & Flails
 - Level 2.6 Dodging


You had 5 spell levels left.
You didn't know any spells.
Your spell library was empty.

Dungeon Overview and Level Annotations

Branches:
Dungeon (3/15)

Altars:


Innate Abilities, Weirdness & Mutations

You are too large for most types of armour.
You have tough skin. (AC +1)
You do not regenerate when monsters are visible.
You expend magic power (3 MP) to strengthen your wands.


Message History

You barely miss the howler monkey.
The howler monkey is lightly wounded.
The adder bites you.
* * * LOW HITPOINT WARNING * * *
You are poisoned.
The adder poisons you! The howler monkey hits you.
* * * LOW HITPOINT WARNING * * *
You thump the howler monkey!
The howler monkey is severely wounded.
You feel sick. The adder closely misses you.
The howler monkey barely misses you.
Unknown command.
You barely miss the howler monkey.
The howler monkey is severely wounded.
The adder bites you but does no damage. The howler monkey hits you.
* * * LOW HITPOINT WARNING * * *
You sock the howler monkey!
You kill the howler monkey!
Trog accepts your kill.
You feel sick. The adder bites you but does no damage.
You feel sick. The adder closely misses you.
You feel a strong urge to attack something.
You are no longer berserk.
You are exhausted.
You feel yourself slow down. The adder bites you.
* * * LOW HITPOINT WARNING * * *
You feel sick. The adder bites you.
* * * LOW HITPOINT WARNING * * *
It was a potion of mutation.
You feel extremely strange.
You feel your magical essence link to the dungeon's wands.
Your regeneration stops near monsters.
You feel sick.
You are no longer poisoned.
The adder bites you.
* * * LOW HITPOINT WARNING * * *
You are lethally poisoned!
The adder poisons you! The adder closely misses you.
Your skin crawls.
You feel strong-willed.
You die...

#..........########
##..................
...................>
#...........#.###..
#.............)....
#...........#.#.#..
#...........#.#.# .
##...........#.#.#
#..@.........#.#..
..####.S...)).....#.###
........#....<..#.#.###
###...†...####....#...#
#.##....####......# ..
#.....#....#.....# ##
#..#.##.#.##.#.###
....#.##....#.#.#
.....#.####..#...#


You could see an adder.

Vanquished Creatures
  Sigmund (D:2)
  An ice beast (D:3)
  A howler monkey (D:3)
  Ijyb (D:2)
  An adder (D:3)
  A worm (D:2)
  A dart slug (D:1)
  An orc (D:3)
  3 bats
  A bat zombie (D:2)
  2 endoplasms (D:2)
  2 giant cockroaches
  A hobgoblin (D:1)
  3 kobolds
  2 quokkas
  5 ball pythons
  2 ball python skeletons (D:2)
  A ball python zombie (D:2)
  A frilled lizard (D:2)
  9 goblins
  A quokka skeleton (D:2)
  2 rats (D:1)
  A spectral kobold (D:2)
44 creatures vanquished.

Notes
Turn   | Place    | Note
-------+----------+-------------------------------------------
     0 | D:1      | bobregger the Ogre Berserker began the quest for the Orb.
     0 | D:1      | Reached XP level 1. HP: 24/24 MP: 1/1
   507 | D:1      | Reached XP level 2. HP: 32/32 MP: 2/2
  1597 | D:2      | Reached XP level 3. HP: 21/40 MP: 3/3
  1820 | D:2      | Found a faded altar of an unknown god.
  1880 | D:2      | Noticed Ijyb
  1899 | D:2      | Killed Ijyb
  1900 | D:2      | Reached XP level 4. HP: 49/49 MP: 4/4
  2006 | D:2      | Noticed Sigmund
  2013 | D:2      | Killed Sigmund
  2014 | D:2      | Reached skill level 5 in Fighting
  2014 | D:2      | Reached skill level 5 in Maces & Flails
  2014 | D:2      | Reached XP level 5. HP: 59/59 MP: 5/5
  2014 | D:2      | Reached XP level 6. HP: 67/67 MP: 6/6
  2128 | D:2      | Reached ** piety under Trog
  2240 | D:3      | Reached skill level 6 in Fighting
  2322 | D:3      | Noticed an ice beast
  2337 | D:3      | Killed an ice beast
  2345 | D:3      | HP: 3/68 [adder (3)]
  2346 | D:3      | Gained mutation: You expend magic power (3 MP) to
                  | strengthen your wands. [potion of mutation]
  2346 | D:3      | Gained mutation: You do not regenerate when monsters are
                  | visible. [potion of mutation]
  2346 | D:3      | HP: 1/68 [adder (1)]
  2347 | D:3      | Succumbed to an adder's poison

Illustrated notes

Levels and vault maps discovered:
D:1:      arrival_zaba_pyramid, layout_basic, kennysheep_another_room,
          st_stairs_12
D:2:      kennysheep_the_goblin_king, layout_basic, serial_undead,
          serial_undead_a, serial_undead_b, serial_undead_e, serial_undead_e,
          dreamdust_ecumenical_altar_drowned_temple, uniq_sigmund
D:3:      layout_basic

Skill      XL: |  1  2  3  4  5  6 |
---------------+-------------------+-----
Maces & Flails | 3 5 |  5.7
Fighting       | 5 6 |  6.4
Dodging        | |  2.6

Action                   |  1- 3 |  4- 6 || total
-------------------------+-------+-------++-------
Melee: Mace              |    91 |    45 ||   136
       Punch             |     2 |       ||     2
Invok: Berserk           |     1 |     2 ||     3
       Trog's Hand       |       |     1 ||     1
  Use: Potion            |       |     1 ||     1
 Stab: Sleeping          |     1 |       ||     1
Armor: Animal skin       |    30 |    13 ||    43
Dodge: Dodged            |    55 |    31 ||    86
